Description

lade

Replay - 2000 Atmosphären LE (172)

Build Order

Get SALT Encoding   

  12  0:01  SCV  
  13  0:13  SCV  
  14  0:17  Supply Depot  
  14  0:25  SCV  
  15  0:29  Refinery  
  15  0:38  SCV  
  16  0:45  Barracks  
  16  0:50  SCV  
  17  1:03  SCV  
  18  1:16  SCV  
  19  1:32  Reaper  
  20  1:33  Orbital Command  
  20  1:46  Command Center  
  20  1:55  Supply Depot  
  20  1:59  SCV  
  21  2:04  Factory  
  21  2:08  Marine  
  21  2:11  SCV  
  23  2:20  Bunker  
  23  2:23  SCV  
  24  2:31  Barracks Reactor  
  24  2:34  Barracks  
  24  2:36  SCV  
  25  2:45  Refinery  
  25  2:48  SCV  
  26  2:52  Factory Tech Lab  
  26  2:58  Orbital Command  
  26  3:01  SCV  
  27  3:07  Marine x2  
  27  3:11  Cyclone  
  32  3:13  SCV  
  33  3:21  Barracks Tech Lab  
  33  3:24  SCV x2  
  33  3:26  Marine x2  
  37  3:34  Supply Depot  
  37  3:36  SCV x2  
  37  3:41  Stimpack, Marauder  
  41  3:47  Marine x2  
  41  3:48  SCV x2  
  47  3:56  Widow Mine  
  47  3:59  Supply Depot  
  47  4:00  SCV x2  
  49  4:03  Engineering Bay  
  49  4:07  Marauder  
  49  4:08  Marine x2  
  53  4:12  SCV  
  53  4:16  Supply Depot  
  54  4:20  SCV x2  
  54  4:24  Widow Mine  
  58  4:32  SCV  
  59  4:39  SCV x2  
  59  4:41  Command Center  
  61  4:46  Supply Depot, Marine x2  
  61  4:50  Marauder  
  65  4:56  Factory Reactor  
  65  4:57  Starport  
  65  4:58  SCV x2  
  67  5:07  Marine x2  
  67  5:10  Supply Depot, SCV x2  
  67  5:11  Marauder  
  73  5:21  Barracks, Terran Infantry Weapons Level 1  
  73  5:22  Combat Shield, SCV x2  
  73  5:26  Refinery  
  75  5:28  Marine x2  
  75  5:32  Supply Depot  
  75  5:34  SCV  
  78  5:38  Marauder  
  78  5:41  SCV  
  81  5:46  Marine x2  
  83  5:51  SCV x2  
  83  5:52  Orbital Command  
  83  5:54  Medivac x2  
  83  5:56  Widow Mine  
  91  6:02  Supply Depot  
  91  6:03  Marauder, SCV x2  
  94  6:04  Marine x2  
  94  6:09  Missile Turret x2  
  97  6:13  Concussive Shells  
  97  6:14  Marauder  
  97  6:16  Orbital Command  
  97  6:17  SCV  
  100  6:22  Marine x2  
  100  6:23  Widow Mine  
  100  6:24  Marauder  
  100  6:25  Medivac x2  
  108  6:30  SCV x2  
  111  6:38  Refinery, Supply Depot x2  
  112  6:41  Marauder  
  112  6:42  SCV x3  
  117  6:54  Barracks x2  
  117  6:59  SCV x2, Marine x2  
  117  7:00  Marauder x2, Widow Mine  
  125  7:03  Medivac  
  125  7:04  Supply Depot x2  
  125  7:06  SCV  
  130  7:09  Missile Turret  
  130  7:14  SCV x2  
  131  7:15  Terran Infantry Armor Level 1  
  131  7:17  Marine  
  131  7:22  Refinery x2  
  133  7:26  Marauder x2, Widow Mine, SCV x3, Marine  
  143  7:31  Medivac  
  143  7:35  Supply Depot x2, Marine  
  146  7:42  Barracks Tech Lab  
  146  7:43  Barracks Reactor  
  146  7:44  Marine  
  147  7:45  Starport  
  147  7:49  Missile Turret  
  147  7:51  Supply Depot  
  147  7:53  Command Center  
  147  7:55  Marauder x2  
  149  7:59  Marine x2  
  149  8:04  Supply Depot  
  153  8:09  Viking x2  
  157  8:14  Factory Reactor  
  157  8:15  SCV x3  
  157  8:17  Marauder, Supply Depot  
  162  8:20  Ghost Academy, Marine x2  
  162  8:24  Marauder x2  
  168  8:28  Marine x2  
  168  8:32  Supply Depot  
  170  8:38  Marauder, Marine x2  
  170  8:40  Fusion Core  
  174  8:46  Marauder x2, Marine  
  174  8:48  Viking x2  
  183  8:55  Viking x2  
  183  8:57  Marine x2  
  183  8:59  Enhanced Shockwaves, Marauder  
  191  9:06  SCV x3  
  194  9:11  Refinery x2  
  194  9:13  Ghost x2  
  198  9:18  Barracks x2  
  198  9:21  Ghost  
  198  9:26  Barracks  
  188  9:31  Marine x4  
  188  9:38  Planetary Fortress  
  192  9:41  Missile Turret, Ghost  
  192  9:42  Marine  
  195  9:47  Missile Turret  
  195  9:49  Liberator  
  198  9:57  Liberator x2  
Spawning Tool Build Advisor. Get it on Overwolf

Go to:

Details

  • Created by: lucahecker
  • Published on: Mar 28, 2022
  • Modified on: Mar 28, 2022
  • Patch: 4.11.0
  • Difficulty: Medium
Show
View Real Time Build Order
Export as new Build Order

Comments (0)

There are no comments. Be the first!

Create an account to comment!